3A
HIGHWOOD HAWKS @ MYRTLE BEACH SEAHAWKS
09/05/2030
 
TOP OF THE 1ST
Highwood Hawks batting - Pitching for Myrtle Beach Seahawks : RHP Daryl Keirl
Pitching: RHP Daryl Keirl
Batting: RHB Paco Ibarra 0-0: Ball
1-0: Ball
2-0: Foul Ball, location: 2F
2-1: Bunt for hit - play at first, batter OUT! 5-3
Batting: RHB Jon Deal 0-0: Ground out 4-3 (Groundball, 4MD)
Batting: LHB Yi-da Yee 0-0: Ball
1-0: Fly out, F7 (Flyball, 78D)
Top of the 1st over - 0 runs, 0 hits, 0 errors, 0 left on base; Highwood 0 - Myrtle Beach 0
BOTTOM OF THE 1ST
Myrtle Beach Seahawks batting - Pitching for Highwood Hawks : RHP Anastasio Cabanillas Jr.
Pitching: RHP Anastasio Cabanillas Jr.
Batting: RHB Chuk-yan Yang 0-0: Ball
1-0: SINGLE (Groundball, 56D)
Batting: LHB Anastasio Flores 0-0: Foul Ball, location: 2F
0-1: Ball
Chuk-yan Yang is caught stealing 2nd base
1-1: Ball
2-1: Foul Ball, location: 2F
2-2: Ball
3-2: Strikes out swinging
Batting: RHB Qu-bing Thien 0-0: Called Strike
0-1: Foul Ball, location: 2F
0-2: SINGLE (Groundball, 56D)
Batting: RHB Chris Walters 0-0: Swinging Strike
0-1: Ball
1-1: Foul Ball, location: 2F
1-2: Strikes out swinging
Bottom of the 1st over - 0 runs, 2 hits, 0 errors, 1 left on base; Highwood 0 - Myrtle Beach 0
TOP OF THE 2ND
Highwood Hawks batting - Pitching for Myrtle Beach Seahawks : RHP Daryl Keirl
Batting: RHB Ron Lawrence 0-0: Ball
1-0: Fly out, F9 (Flyball, 9)
Batting: RHB Jimmy Scott 0-0: Ball
1-0: SINGLE (Groundball, 56D)
Batting: RHB Paul Byrd 0-0: Called Strike
0-1: Ball
1-1: Fly out, F7 (Line Drive, 7)
Batting: SHB Greg Buckner 0-0: Ball
1-0: Foul Ball, location: 2F
1-1: SINGLE (Flyball, 89S)
Jimmy Scott to second
Batting: SHB Arvo Helminen 0-0: Ball
1-0: Foul Ball, location: 2F
1-1: Fly out, F8 (Flyball, 78D)
Top of the 2nd over - 0 runs, 2 hits, 0 errors, 2 left on base; Highwood 0 - Myrtle Beach 0
BOTTOM OF THE 2ND
Myrtle Beach Seahawks batting - Pitching for Highwood Hawks : RHP Anastasio Cabanillas Jr.
Batting: RHB Jon Moon 0-0: Called Strike
0-1: SINGLE (Line Drive, 5S)
Batting: RHB Melvin Aikey 0-0: Ball
1-0: Ball
2-0: Ball
3-0: Called Strike
3-1: Fly out, F9 (Flyball, 9)
Batting: LHB Felipe Soto 0-0: Called Strike
0-1: Ball
1-1: Foul Ball, location: 2F
1-2: Fly out, F9 (Flyball, 9S)
Batting: RHB Roy Burns 0-0: Called Strike
0-1: Ground out 6-3 (Groundball, 56)
Bottom of the 2nd over - 0 runs, 1 hit, 0 errors, 1 left on base; Highwood 0 - Myrtle Beach 0
TOP OF THE 3RD
Highwood Hawks batting - Pitching for Myrtle Beach Seahawks : RHP Daryl Keirl
Batting: LHB Scott Miles 0-0: Foul Ball, location: 2F
0-1: Ball
1-1: Ball
2-1: Ground out 4-3 (Groundball, 4)
Batting: RHB Paco Ibarra 0-0: SINGLE (Groundball, 6MD)
Batting: RHB Jon Deal 0-0: Ball
1-0: Swinging Strike
1-1: Swinging Strike
1-2: Strikes out swinging
Batting: LHB Yi-da Yee 0-0: Swinging Strike
0-1: Ball
1-1: Foul Ball, location: 2F
1-2: Strikes out swinging
Top of the 3rd over - 0 runs, 1 hit, 0 errors, 1 left on base; Highwood 0 - Myrtle Beach 0
BOTTOM OF THE 3RD
Myrtle Beach Seahawks batting - Pitching for Highwood Hawks : RHP Anastasio Cabanillas Jr.
Batting: LHB Peter Ough 0-0: Called Strike
0-1: Swinging Strike
0-2: Foul Ball, location: 2F
0-2: Foul Ball, location: 2F
0-2: SINGLE (Groundball, 6) (infield hit)
Batting: RHB Chuk-yan Yang 0-0: Ball
1-0: Foul Ball, location: 2F
1-1: Ball
2-1: Foul Ball, location: 2F
2-2: Ground out 6-3 (Groundball, 6)
Peter Ough to second
Batting: LHB Anastasio Flores 0-0: Foul Ball, location: 2F
0-1: SINGLE (Line Drive, 8RS)
Peter Ough to third
Runner from 3rd tries for Home, SAFE, no throw
Batting: RHB Qu-bing Thien 0-0: Fly out, F9 (Flyball, 89S)
Batting: RHB Chris Walters 0-0: Ball
1-0: Fly out, F5 (Line Drive, 56)
Bottom of the 3rd over - 1 run, 2 hits, 0 errors, 1 left on base; Highwood 0 - Myrtle Beach 1
TOP OF THE 4TH
Highwood Hawks batting - Pitching for Myrtle Beach Seahawks : RHP Daryl Keirl
Batting: RHB Ron Lawrence 0-0: Ball
1-0: Swinging Strike
1-1: Ground out 6-3 (Groundball, 6S)
Batting: RHB Jimmy Scott 0-0: Ball
1-0: Ball
2-0: Called Strike
2-1: Ball
3-1: Base on Balls
Batting: RHB Paul Byrd 0-0: Called Strike
0-1: Grounds into double play, 5-4-3 (Groundball, 56)
Top of the 4th over - 0 runs, 0 hits, 0 errors, 0 left on base; Highwood 0 - Myrtle Beach 1
BOTTOM OF THE 4TH
Myrtle Beach Seahawks batting - Pitching for Highwood Hawks : RHP Anastasio Cabanillas Jr.
Batting: RHB Jon Moon 0-0: Ball
1-0: Ball
2-0: Ball
3-0: Called Strike
3-1: Swinging Strike
3-2: Base on Balls
Batting: RHB Melvin Aikey 0-0: Ball
1-0: Called Strike
1-1: Ball
2-1: Foul Ball, location: 2F
2-2: Ball
Jon Moon is caught stealing 2nd base
3-2: Strikes out swinging
Batting: LHB Felipe Soto 0-0: Foul Ball, location: 2F
0-1: Ball
1-1: Ball
2-1: Called Strike
2-2: Ball
3-2: DOUBLE (Line Drive, 89D)
Batting: RHB Roy Burns 0-0: Called Strike
0-1: Ball
1-1: Foul Ball, location: 2F
1-2: Foul Ball, location: 2F
1-2: Ball
2-2: Ball
3-2: Ground out 5-3 (Groundball, 56S)
Bottom of the 4th over - 0 runs, 1 hit, 0 errors, 1 left on base; Highwood 0 - Myrtle Beach 1
TOP OF THE 5TH
Highwood Hawks batting - Pitching for Myrtle Beach Seahawks : RHP Daryl Keirl
Batting: SHB Greg Buckner 0-0: Foul Ball, location: 2F
0-1: Fly out, F8 (Flyball, 8RS)
Batting: SHB Arvo Helminen 0-0: Ball
1-0: Ground out 4-3 (Groundball, 34)
Batting: LHB Scott Miles 0-0: Ball
1-0: DOUBLE (Flyball, 78D)
Batting: RHB Paco Ibarra 0-0: Ball
1-0: Foul Ball, location: 2F
1-1: Foul Ball, location: 2F
1-2: Strikes out swinging
Top of the 5th over - 0 runs, 1 hit, 0 errors, 1 left on base; Highwood 0 - Myrtle Beach 1
BOTTOM OF THE 5TH
Myrtle Beach Seahawks batting - Pitching for Highwood Hawks : RHP Anastasio Cabanillas Jr.
Batting: LHB Peter Ough 0-0: Ball
1-0: Ball
2-0: Ball
3-0: Base on Balls
Batting: RHB Chuk-yan Yang 0-0: Bunted foul
0-1: Sac Bunt - play at second, runner OUT! 1-6
Batting: LHB Anastasio Flores 0-0: Foul Ball, location: 2F
0-1: Ball
1-1: Fly out, F6 (Popup, 6S)
Batting: RHB Qu-bing Thien 0-0: Ball
Chuk-yan Yang is caught stealing 2nd base
Bottom of the 5th over - 0 runs, 0 hits, 0 errors, 0 left on base; Highwood 0 - Myrtle Beach 1
TOP OF THE 6TH
Highwood Hawks batting - Pitching for Myrtle Beach Seahawks : RHP Daryl Keirl
Batting: RHB Jon Deal 0-0: Ball
1-0: Ball
2-0: SINGLE (Groundball, 4D)
Batting: LHB Yi-da Yee 0-0: Foul Ball, location: 2F
0-1: Foul Ball, location: 2F
0-2: Ball
1-2: Grounds into double play, 6-4-3 (Groundball, 6)
Batting: RHB Ron Lawrence 0-0: Ball
1-0: Foul Ball, location: 2F
1-1: Swinging Strike
1-2: DOUBLE (Flyball, 89D)
Batting: RHB Jimmy Scott 0-0: Ground out 4-3 (Groundball, 4M)
Top of the 6th over - 0 runs, 2 hits, 0 errors, 1 left on base; Highwood 0 - Myrtle Beach 1
BOTTOM OF THE 6TH
Myrtle Beach Seahawks batting - Pitching for Highwood Hawks : RHP Anastasio Cabanillas Jr.
Batting: RHB Qu-bing Thien 0-0: Ball
1-0: Called Strike
1-1: Ball
2-1: Foul Ball, location: 2F
2-2: Strikes out swinging
Batting: RHB Chris Walters 0-0: Called Strike
0-1: Foul Ball, location: 2F
0-2: Ground out U3 (Groundball, 34)
Batting: RHB Jon Moon 0-0: Called Strike
0-1: Called Strike
0-2: Reached on error, E6 (Groundball, 6)
Batting: RHB Melvin Aikey 0-0: Foul Ball, location: 2F
0-1: Ball
1-1: Ball
2-1: Ground out 4-3 (Groundball, 4M)
Bottom of the 6th over - 0 runs, 0 hits, 1 error, 1 left on base; Highwood 0 - Myrtle Beach 1
TOP OF THE 7TH
Highwood Hawks batting - Pitching for Myrtle Beach Seahawks : RHP Daryl Keirl
Batting: RHB Paul Byrd 0-0: Ball
1-0: Ball
2-0: Ball
3-0: Called Strike
3-1: Fly out, F8 (Flyball, 78M)
Batting: SHB Greg Buckner 0-0: Ground out 4-3 (Groundball, 4)
Batting: SHB Arvo Helminen 0-0: Ball
1-0: Ground out 6-3 (Groundball, 6)
Top of the 7th over - 0 runs, 0 hits, 0 errors, 0 left on base; Highwood 0 - Myrtle Beach 1
BOTTOM OF THE 7TH
Myrtle Beach Seahawks batting - Pitching for Highwood Hawks : RHP Anastasio Cabanillas Jr.
Batting: LHB Felipe Soto 0-0: Called Strike
0-1: Ball
1-1: Ball
2-1: SINGLE (Flyball, 9S)
Pinch Runner at 1st Pedro Larate:
Batting: RHB Roy Burns 0-0: Sac Bunt - play at first, batter OUT! 3-4
Pedro Larate to second
Batting: LHB Peter Ough 0-0: Ball
Pedro Larate is caught stealing 3rd base
1-0: Ground out 3-1 (Groundball, 34S)
Bottom of the 7th over - 0 runs, 1 hit, 0 errors, 0 left on base; Highwood 0 - Myrtle Beach 1
TOP OF THE 8TH
Highwood Hawks batting - Pitching for Myrtle Beach Seahawks : RHP Daryl Keirl
Now in LF: Pedro Larate
Batting: LHB Scott Miles 0-0: Called Strike
0-1: Ball
1-1: Ball
2-1: Foul Ball, location: 2F
2-2: Ball
3-2: Foul Ball, location: 2F
3-2: Reached on error, E5 (Groundball, 56S)
Pinch Hitting: LHB Abel Apolinrio 0-0: Called Strike
0-1: Foul Ball, location: 2F
0-2: Ball
1-2: Ball
2-2: Ball
3-2: Strikes out swinging
Pitching: RHP Seong-hyeon Pak
Pinch Hitting: RHB Brandon Jolin 0-0: Ground out 1-3 (Groundball, P)
Scott Miles to third
Batting: LHB Yi-da Yee 0-0: Swinging Strike
0-1: Foul Ball, location: 2F
0-2: Foul Ball, location: 2F
0-2: Strikes out swinging
Top of the 8th over - 0 runs, 0 hits, 1 error, 1 left on base; Highwood 0 - Myrtle Beach 1
BOTTOM OF THE 8TH
Myrtle Beach Seahawks batting - Pitching for Highwood Hawks : RHP Anastasio Cabanillas Jr.
Now at 1B: Abel Apolinrio
Now at SS: Félix Vaca
Batting: RHB Chuk-yan Yang 0-0: Ball
1-0: Foul Ball, location: 2F
1-1: Ball
2-1: Called Strike
2-2: Strikes out looking
Batting: LHB Anastasio Flores 0-0: Swinging Strike
0-1: Ball
1-1: Foul Ball, location: 2F
1-2: Ball
2-2: Strikes out swinging
Batting: RHB Qu-bing Thien 0-0: Called Strike
0-1: Fly out, F8 (Flyball, 8RM)
Bottom of the 8th over - 0 runs, 0 hits, 0 errors, 0 left on base; Highwood 0 - Myrtle Beach 1
TOP OF THE 9TH
Highwood Hawks batting - Pitching for Myrtle Beach Seahawks : RHP Seong-hyeon Pak
Batting: RHB Ron Lawrence 0-0: Swinging Strike
0-1: Ball
1-1: Swinging Strike
1-2: Strikes out swinging
Batting: RHB Jimmy Scott 0-0: Called Strike
0-1: Ball
1-1: Ball
2-1: Called Strike
2-2: SINGLE (Line Drive, 78S)
Batting: RHB Paul Byrd 0-0: Called Strike
0-1: Foul Ball, location: 2F
0-2: Ball
1-2: Hit by Pitch
Jimmy Scott to second
Batting: SHB Greg Buckner 0-0: Ball
1-0: Called Strike
1-1: Swinging Strike
1-2: Fly out, F9 (Flyball, 89M)
Batting: SHB Arvo Helminen 0-0: Fly out, F5 (Popup, 25)
Top of the 9th over - 0 runs, 1 hit, 0 errors, 2 left on base; Highwood 0 - Myrtle Beach 1
Sunday, March 18th, 2018 - OOTP Baseball 18.8 Build 76